 Dungeon Crawl Stone Soup version 0.29.1-12-g30fa7ad0bf (webtiles) character file.

Game seed: 3005965491926292677

27 ShotLord the Shooter (level 2, -1/22 HPs)
             Began as a Demonspawn Hunter on Dec 30, 2022.
             Succumbed to Sigmund's poison
             ... on level 2 of the Dungeon.
             The game lasted 00:04:10 (630 turns).

ShotLord the Shooter (Demonspawn Hunter)             Turns: 630, Time: 00:04:11

Health: -1/22      AC:  3    Str: 11    XL:     2   Next: 93%
Magic:  2/2        EV: 12    Int: 12    God:
Gold:   45         SH:  0    Dex: 16    Spells: 2/2 levels left

rFire   . . .      SeeInvis .   a - +0 shortbow
rCold   . . .      Faith    .   (shield currently unavailable)
rNeg    . . .      Spirit   .   c - +0 leather armour
rPois   .          Reflect  .   (no helmet)
rElec   .          Harm     .   (no cloak)
rCorr   .          Rampage  .   (no gloves)
Will    .....                   (no boots)
Stlth   ++........              e - amulet of regeneration
HPRegen 0.87/turn               (no ring)
MPRegen 0.08/turn               (no ring)

@: brilliant, lethally poisoned (-1 -> -7)
A: big brain 1
a: no special abilities


You were on level 2 of the Dungeon.
You visited 1 branch of the dungeon, and saw 2 of its levels.

You collected 45 gold pieces.

Inventory:

Hand Weapons
 a - a +0 shortbow (weapon)
Missiles
 f - a boomerang
Armour
 c - a +0 leather armour (worn)
Jewellery
 e - an amulet of regeneration (around neck)
Scrolls
 d - 2 scrolls of identify {unknown}


   Skills:
 * Level 2.0 Fighting
 * Level 4.0 Ranged Weapons
 * Level 0.2 Throwing
 * Level 0.1 Armour
 * Level 1.9 Dodging
 * Level 1.0 Stealth
 * Level 0.5 Unarmed Combat
 * Level 0.5 Spellcasting


You had 2 spell levels left.
You didn't know any spells.
Your spell library was empty.

Dungeon Overview and Level Annotations

Branches:
Dungeon (2/15)

Altars:

Annotations:
D:2 Sigmund


Innate Abilities, Weirdness & Mutations

You have an unusually large brain. (Int +2)


Message History

Sigmund mumbles some strange words.
Sigmund flickers and vanishes!
Deactivating autopickup; reactivate with Ctrl-A.
A puff of flame appears from out of thin air!
The puff of flame hits you.
An endoplasm comes into view.
Really read the scroll of immolation?
As you read the scroll of immolation, it crumbles to dust.
The creatures around you are filled with an inner flame!
The endoplasm quivers.
The endoplasm attacks as you move away! The endoplasm hits you.
The endoplasm attacks as you move away! The endoplasm hits you.
The endoplasm barely misses you. The endoplasm barely misses you.
Something hits you! The endoplasm attacks as you move away!
The endoplasm closely misses you. Something hits you!
You are poisoned.
The endoplasm attacks as you move away! The endoplasm barely misses you.
You feel sick. Something hits you.
* * * LOW HITPOINT WARNING * * *
You are lethally poisoned!
It was a potion of heal wounds.
You feel much better.
You feel very sick. The endoplasm hits you.
It was a potion of brilliance.
You feel clever all of a sudden.
You feel very sick. Something hits you.
You are lethally poisoned!
The endoplasm freezes you.
You are frozen.
The endoplasm attacks as you move away!
The endoplasm hits you but does no damage.
Something barely misses you.
* * * LOW HITPOINT WARNING * * *
You feel very sick.
You see here a +0 long sword.
* * * LOW HITPOINT WARNING * * *
You feel very sick.
You die...

#.......# #..#.#
#.......# #..####
######### #..# . #..#.#
#..#.#.# #.)....#
##.#.#.# # #.#.# .. #@#.#
... ########.#.# .$..
#......J...# .....#..
#..........#####...$..#..
#.....................#..
########'#######......#..
#.# ........ #.# .......
#.# .......


You could see an endoplasm (inner flame).

Vanquished Creatures
  An adder (D:2)
  3 ball pythons
  2 endoplasms
  A giant cockroach (D:2)
  A goblin (D:2)
  3 hobgoblins (D:1)
  2 kobolds
  2 bats
15 creatures vanquished.

Notes
Turn   | Place    | Note
-------+----------+-------------------------------------------
     0 | D:1      | ShotLord the Demonspawn Hunter began the quest for the Orb.
     0 | D:1      | Reached XP level 1. HP: 16/16 MP: 1/1
   147 | D:1      | Gained mutation: You have an unusually large brain. (Int
                  | +2) [demonic ancestry]
   147 | D:1      | Reached XP level 2. HP: 19/22 MP: 2/2
   388 | D:2      | Reached skill level 4 in Ranged Weapons
   388 | D:2      | Reached skill level 1 in Stealth
   406 | D:2      | Noticed Sigmund
   630 | D:2      | Succumbed to Sigmund's poison

Illustrated notes

Levels and vault maps discovered:
D:1:      wander_arrival_fairy_ring, layout_basic
D:2:      layout_basic, uniq_sigmund

Skill      XL: |  1  2 |
---------------+-------+-----
Ranged Weapons | 4 |  4.0
Stealth        | 1 |  1.0
Fighting       | |  2.0
Throwing       | |  0.2
Armour         | |  0.1
Dodging        | |  1.9
Unarmed Combat | |  0.5
Spellcasting   | |  0.5

Action                   || total
-------------------------++-------
Melee: Unarmed           ||    11
 Fire: Shortbow          ||    26
Throw: Boomerang         ||    17
  Use: Potion            ||     2
       Scroll            ||     1
Armor: Leather armour    ||     6
Dodge: Dodged            ||    24
